 Dungeon Crawl Stone Soup version 0.31.0-12-g77e489cdc1 (webtiles) character file.

Game seed: 8411828118972450873

36068 Ekaitz the Frost Mage (level 13, -5/93 HPs)
             Began as a Demonspawn Ice Elementalist on Feb 15, 2024.
             Was an Elder of Sif Muna.
             Shot with an arrow by a deep elf archer (8 damage)
             ... in a volcano.
             The game lasted 00:57:34 (17320 turns).

Ekaitz the Frost Mage (DsIE)                       Turns: 17320, Time: 00:57:34

Health: -5/93      AC: 18    Str: 11    XL:     13   Next: 51%
Magic:  8/28       EV: 15    Int: 23    God:    Sif Muna [****..]
Gold:   992        SH:  0    Dex: 15    Spells: 15/34 levels left

rFire   . . .        a - +1 dagger (venom)
rCold   . . .        (no shield)
rNeg    . . .        N - +0 steam dragon scales
rPois   .            (helmet unavailable)
rElec   .            (no cloak)
rCorr   .            (no gloves)
SInv    +            v - +0 pair of boots
Will    .....        (no amulet)
Stlth   +++          t - ring of wizardry
HPRegen 0.35/turn    M - +6 ring of intelligence
MPRegen 0.21/turn

%: wizardry (x1)
@: ice-armoured (expiring), channelling, very slightly contaminated, slowed,
very slow
A: antennae 3, yellow scales 2, powered by death 2
a: Renounce Religion, Channel Magic, Forget Spell, Divine Exegesis


You were in a volcano.
You worshipped Sif Muna.
Sif Muna was greatly pleased with you.
You visited 3 branches of the dungeon, and saw 15 of its levels.
You also visited: Ossuary and Volcano.

You collected 992 gold pieces.

Inventory:

Hand Weapons
 a - a +1 dagger of venom (weapon)
 d - a +0 heavy long sword
 T - a +2 short sword of electrocution
 V - a +2 short sword of venom
 Y - a +0 arbalest of freezing
Missiles
 r - 4 javelins
 C - 26 poisoned darts
 X - 4 curare-tipped darts
Armour
 v - a +0 pair of boots (worn)
 N - +0 steam dragon scales (worn)
Jewellery
 t - a ring of wizardry (left hand)
 M - a +6 ring of intelligence (right hand)
Wands
 u - a wand of iceblast (10)
 y - a wand of paralysis (11)
 F - a wand of flame (34)
 G - a wand of polymorph (10)
 J - a wand of digging (7)
Scrolls
 e - 4 scrolls of fog
 g - 2 scrolls of amnesia {unknown}
 h - 2 scrolls of enchant armour {unknown}
 k - 7 scrolls of teleportation
 l - 2 scrolls of blinking {unknown}
 s - 3 scrolls of vulnerability {unknown}
 w - 2 scrolls of poison {unknown}
 x - 5 scrolls of revelation {unknown}
 A - 3 scrolls of enchant weapon {unknown}
 O - 2 scrolls of fear
 R - 2 scrolls of immolation {unknown}
Potions
 b - 3 potions of magic
 c - 4 potions of curing
 f - 2 potions of haste
 i - 2 potions of heal wounds
 j - 2 potions of brilliance
 n - 2 potions of enlightenment
 o - 4 potions of berserk rage {unknown}
 p - 4 potions of resistance
 z - 4 potions of might {unknown}
 D - 2 potions of cancellation {unknown}
 H - 2 potions of degeneration {unknown}
 K - 3 potions of mutation {unknown}
 L - a potion of ambrosia {unknown}
 P - a potion of attraction {unknown}


   Skills:
 + Level 6.1 Fighting
 + Level 3.7 Short Blades
 + Level 7.2 Dodging
 + Level 4.9 Stealth
 + Level 11.0 Spellcasting
 + Level 0.8 Conjurations
 * Level 8.4 Summonings
 + Level 12.2 Ice Magic
 * Level 9.8 Invocations


You had 15 spell levels left.
You knew the following spells:

 Your Spells              Type           Power      Damage    Failure   Level
a - Freeze                Ice            100%       1d10      1%          1
b - Frozen Ramparts       Ice            100%       1d16      1%          3
c - Summon Ice Beast      Ice/Summ       57%        N/A       1%          3
d - Ozocubu's Armour      Ice            62%        N/A       1%          3
e - Hailstorm             Conj/Ice       42%        3d9       1%          3
f - Summon Cactus Giant   Summ           25%        N/A       10%         6

Your spell library contained the following spells:

 Spells                   Type           Power      Damage    Failure   Level
 Shock                    Conj/Air       56%        1d6       1%          1
 Slow                     Hex            48%        N/A       1%          1
 Scorch                   Fire           24%        2d6       3%          2
 Animate Armour           Summ/Erth      64%        N/A       3%          4
 Summon Lightning Spire   Summ/Air       32%        N/A       3%          4
 Confusing Touch          Hex            12%        N/A       6%          3
 Sigil of Binding         Hex            12%        N/A       6%          3
 Swiftness                Air            12%        N/A       6%          3
 Vampiric Draining        Necr           12%        2d6       6%          3
 Flame Wave               Conj/Fire      14%        2d6       16%         4
 Airstrike                Air            6%         2d(1-17)  21%         4
 Animate Dead             Necr           12%        N/A       21%         4
 Leda's Liquefaction      Alch/Erth      6%         N/A       21%         4
 Alistair's Intoxication  Alch           8%         N/A       45%         5
 Borgnjor's Vile Clutch   Necr/Erth      6%         N/A       45%         5
 Lee's Rapid Deconstruct  Erth           6%         3d6*      45%         5
 Bombard                  Conj/Erth      7%         9d2       92%         6
 Death Channel            Necr           6%         N/A       95%         6
 Eringya's Noxious Bog    Alch           6%         4d6       95%         6


Dungeon Overview and Level Annotations

Branches:
Dungeon (10/15)            Temple (1/1) D:4            Lair (4/5) D:10
  Swamp (0/4) Lair:3        Snake (0/4) Lair:3      Ossuary (visited)
Volcano (1/1)
  Slime: Lair:4-5       Orc: D:9-12

Altars:
Ashenzari
Cheibriados
Dithmenos
Fedhas
Gozag
Hepliaklqana
Kikubaaqudgha
Makhleb
Nemelex Xobeh
Okawaru
Qazlal
Ru
Sif Muna
Trog
Uskayaw
Vehumet
Wu Jian
Xom
Yredelemnul

Shops:
D:7 :

Annotations:
D:3 1 runed translucent door, Arctor's ghost, amateur DEFE
D:4 Dowan; Duvessa


Innate Abilities, Weirdness & Mutations

You have a pair of large antennae on your head. (SInv)
You are mostly covered in yellow scales. (AC +3)
You regenerate health from kills.


Message History

The wall freezes the nameless horror but does no damage.
The nameless horror misses you.
Unknown command.
You hit the nameless horror but do no damage.
The nameless horror is moderately damaged.
The frozen ramparts melt away.
The deep elf archer points at you and mumbles some strange words.
You feel yourself slow down. The nameless horror barely misses you.
Unknown command.
The deep elf archer shoots an arrow.
The arrow hits you!!
* * * LOW HITPOINT WARNING * * *
The arrow burns you.
* * * LOW HITPOINT WARNING * * *
The nameless horror misses you.
The deep elf archer shoots an arrow.
The arrow hits you.
* * * LOW HITPOINT WARNING * * *
The arrow burns you.
* * * LOW HITPOINT WARNING * * *
The heat melts your icy armour.
Unknown command.
You feel much better. The nameless horror hits you.
You feel your power leaking away.
The deep elf archer shoots an arrow.
The arrow hits you!
* * * LOW HITPOINT WARNING * * *
The arrow burns you.
* * * LOW HITPOINT WARNING * * *
The nameless horror hits you.
* * * LOW HITPOINT WARNING * * *
You feel your power leaking away. The heat melts your icy armour.
Unknown command.
Casting: Summon Cactus Giant (dangerous; 10% risk of failure)
Confirm with . or Enter, or press ? or * to list all spells.
Okay, then.
Casting: Summon Cactus Giant (dangerous; 10% risk of failure)
Confirm with . or Enter, or press ? or * to list all spells.
The deep elf archer shoots an arrow.
The arrow hits you!
* * * LOW HITPOINT WARNING * * *
The arrow burns you!
You die...

#)###.....###≈§≈≈#
#...###.....###≈§≈
#.....####.†'.###
#.....'..####..∩#
#e.###...#.....#..∩#
#e.#.#'#.#..≈..#.###
#..#...###.....###§§≈
#..#X....#...###§§§§#
#..#@.≈..'.### §§§###
#..#.....###≈≈≈≈##
#.{#.C.###§§≈≈##
#.ee.###≈≈§§###
#..###≈§≈≈##
####≈§§≈### ≈≈§§≈###
#######


You could see a nameless horror, a deep elf archer (repels missiles, ally
target) and a friendly cactus giant (summoned).

Vanquished Creatures
  An eleionoma (Lair:3)
  A two-headed ogre (D:10)
  3 death yaks (D:10)
  Sonja (Lair:1)
  Nergalle (Lair:1)
  A deep elf archer (Volcano)
  2 deep elf pyromancers (Volcano)
  Pikel (D:4)
  4 elephants
  4 black mambas
  5 cane toads
  3 komodo dragons
  A rime drake (Lair:3)
  2 polar bears (Lair:1)
  3 red devils (D:10)
  A hornet (D:7)
  A troll (D:9)
  Prince Ribbit (D:9)
  Grinder (D:5)
  11 blink frogs
  4 fire elementals (Volcano)
  2 wyverns
  32 yaks
  Grum (D:9)
  A steam dragon (D:8)
  3 nagas (Lair:3)
  9 water moccasins
  4 hell hounds (Volcano)
  3 black bears
  A sky beast (D:8)
  2 ogres
  4 orc warriors
  4 centaurs
  20 wolves
  A lemure (D:4)
  2 kobold brigands
  7 bullfrogs
  2 water moccasin zombies (Ossuary)
  A scorpion (D:4)
  5 killer bees (D:9)
  5 howler monkeys
  3 bombardier beetles (D:5)
  5 hounds
  4 orc priests
  A gnoll bouda (D:8)
  2 jellies
  A bullfrog skeleton (D:7)
  7 iguanas
  2 spectral scorpions (Ossuary)
  Natasha (thrice) (D:2)
  8 orc wizards
  5 hell rats (Lair:1)
  2 mummies (Ossuary)
  7 gnolls
  2 howler monkey skeletons (D:7)
  6 adders
  7 ufetubi
  A ribbon worm (D:2)
  23 orcs
  5 bats
  7 endoplasms
  5 giant cockroaches
  8 goblins
  4 hobgoblins
  2 jackals (D:1)
  4 quokkas
  4 ball pythons
  3 frilled lizards
  7 gnoll zombies (Ossuary)
  10 kobolds
  3 orc zombies (Ossuary)
  A rat (D:1)
313 creatures vanquished.

Vanquished Creatures (collateral kills)
  4 death yaks
  3 deep elf pyromancers (Volcano)
  3 elephants (Lair:3)
  A cane toad (Lair:3)
  A rime drake (Lair:3)
  A komodo dragon (Lair:3)
  4 blink frogs (Lair:1)
  Sigmund (D:4)
  A wyvern (Lair:3)
  5 yaks (Lair:2)
  2 nagas (Lair:3)
  An acid dragon (D:10)
  A black bear (D:6)
  An ice beast (D:7)
  6 wolves (Lair:3)
  A bullfrog (Lair:3)
  2 water moccasin zombies (Ossuary)
  A burial acolyte (Ossuary)
  A sleepcap (D:8)
  2 scorpion zombies (D:7)
  A hell rat (Lair:1)
  A killer bee zombie (D:7)
  A crocodile zombie (Ossuary)
  An ufetubus (D:7)
  3 adder zombies (Ossuary)
  2 orcs (D:7)
  6 gnoll zombies (Ossuary)
  A jackal zombie (Ossuary)
  4 orc zombies (Ossuary)
62 creatures vanquished.

Grand Total: 375 creatures vanquished

Notes
Turn   | Place    | Note
-------+----------+-------------------------------------------
     0 | D:1      | Ekaitz the Demonspawn Ice Elementalist began the quest for
                  | the Orb.
     0 | D:1      | Reached XP level 1. HP: 13/13 MP: 3/3
   256 | D:1      | Reached skill level 4 in Ice Magic
   256 | D:1      | Gained mutation: You regenerate a little health from kills.
                  | [demonic ancestry]
   256 | D:1      | Reached XP level 2. HP: 18/20 MP: 1/5
   854 | D:1      | Gained mutation: You have a pair of small antennae on your
                  | head. [demonic ancestry]
   854 | D:1      | Reached XP level 3. HP: 23/25 MP: 3/6
   877 | D:1      | Learned a level 3 spell: Frozen Ramparts
   966 | D:1      | Found a faded altar of an unknown god.
  1345 | D:2      | Reached skill level 1 in Fighting
  1423 | D:2      | Reached XP level 4. HP: 32/32 MP: 4/7
  1427 | D:2      | Learned a level 3 spell: Summon Ice Beast
  1701 | D:2      | Noticed Natasha
  1704 | D:2      | Killed Natasha
  2108 | D:2      | Noticed Natasha
  2122 | D:2      | Killed Natasha
  2324 | D:2      | Noticed Natasha
  2328 | D:2      | Killed Natasha
  2329 | D:2      | Reached XP level 5. HP: 37/37 MP: 3/9
  2544 | D:3      | Found an ornate altar of the Wu Jian Council.
  2725 | D:3      | Found a runed translucent door.
  2726 | D:3      | Noticed Arctor's ghost (amateur DEFE)
  3005 | D:4      | Reached skill level 5 in Ice Magic
  3005 | D:4      | Gained mutation: You have a pair of antennae on your head.
                  | [demonic ancestry]
  3005 | D:4      | Reached XP level 6. HP: 44/44 MP: 3/10
  3009 | D:4      | Learned a level 3 spell: Ozocubu's Armour
  3083 | D:4      | Found a hazy altar of Hepliaklqana.
  3133 | D:4      | Reached skill level 1 in Summonings
  3232 | D:4      | Found a stormy altar of Qazlal.
  3245 | D:4      | Noticed Sigmund
  3264 | D:4      | Killed Sigmund
  3338 | D:4      | Found a staircase to the Ecumenical Temple.
  3347 | Temple   | Entered the Ecumenical Temple
  3410 | D:4      | Noticed Duvessa
  3440 | D:4      | Noticed Pikel
  3458 | D:4      | Killed Pikel
  3459 | D:4      | Reached skill level 1 in Short Blades
  3459 | D:4      | Reached skill level 6 in Ice Magic
  3459 | D:4      | Reached XP level 7. HP: 25/51 MP: 1/13
  3709 | D:4      | Gained mutation: You have a pair of large antennae on your
                  | head. (SInv) [demonic ancestry]
  3709 | D:4      | Reached XP level 8. HP: 50/57 MP: 7/14
  3927 | D:4      | Noticed Dowan
  4139 | D:5      | Entered Level 5 of the Dungeon
  4164 | D:5      | Learned a level 3 spell: Hailstorm
  4250 | D:5      | Found a bloodstained altar of Trog.
  4252 | D:5      | Found a shadowy altar of Dithmenos.
  4252 | D:5      | Noticed Grinder
  4260 | D:5      | Paralysed by Grinder for 2 turns
  4273 | D:5      | Killed Grinder
  4532 | D:5      | Reached skill level 7 in Ice Magic
  5343 | D:5      | Reached skill level 5 in Spellcasting
  5343 | D:5      | Gained mutation: You are partially covered in yellow
                  | scales. (AC +2) [demonic ancestry]
  5343 | D:5      | Reached XP level 9. HP: 42/65 MP: 9/16
  5976 | D:6      | Found a radiant altar of Vehumet.
  5980 | D:6      | Found a broken altar of Ashenzari.
  6301 | D:6      | Reached skill level 8 in Ice Magic
  6535 | D:7      | Found Riheudghariy's Book Emporium.
  6780 | D:7      | Found a sand-covered staircase.
  6928 | Ossuary  | Entered an ossuary
  7162 | Ossuary  | Reached skill level 5 in Fighting
  7297 | Ossuary  | Reached skill level 5 in Dodging
  8282 | D:8      | Gained mutation: You are mostly covered in yellow scales.
                  | (AC +3) [demonic ancestry]
  8282 | D:8      | Reached XP level 10. HP: 72/74 MP: 16/18
  8548 | D:8      | Found a hide-covered altar of Uskayaw.
  8548 | D:8      | Found a sparkling altar of Nemelex Xobeh.
  9150 | D:9      | Noticed Grum
  9159 | D:9      | Killed Grum
  9160 | D:9      | Reached skill level 9 in Ice Magic
  9172 | D:9      | Noticed Prince Ribbit
  9183 | D:9      | Killed Prince Ribbit
  9356 | D:9      | Found an iron altar of Okawaru.
  9832 | D:9      | Found a shimmering blue altar of Sif Muna.
  9841 | D:9      | Became a worshipper of Sif Muna the Loreminder
  9864 | D:9      | Reached skill level 5 in Summonings
  9871 | D:9      | Learned a level 6 spell: Summon Cactus Giant
 10025 | D:10     | Entered Level 10 of the Dungeon
 10203 | D:10     | Reached skill level 1 in Invocations
 10702 | D:10     | Found a blossoming altar of Fedhas.
 10930 | D:10     | Noticed a death yak
 10954 | D:10     | Noticed a death yak
 11020 | D:10     | Noticed a death yak
 11057 | D:10     | Noticed a two-headed ogre
 11063 | D:10     | Noticed a death yak
 11212 | D:10     | Killed a two-headed ogre
 11213 | D:10     | Gained mutation: You regenerate health from kills. [demonic
                  | ancestry]
 11213 | D:10     | Reached XP level 11. HP: 56/80 MP: 12/21
 11297 | D:10     | Noticed a death yak
 11298 | D:10     | Noticed a death yak
 11324 | D:10     | Killed a death yak
 11436 | D:10     | Found a staircase to the Lair.
 11440 | D:10     | Noticed a death yak
 11446 | D:10     | Noticed a death yak
 11489 | D:10     | Killed a death yak
 11616 | D:10     | Killed a death yak
 11668 | D:10     | Killed a death yak
 11669 | D:10     | Reached skill level 10 in Ice Magic
 11672 | D:10     | Noticed a death yak
 11906 | Lair:1   | Entered Level 1 of the Lair of Beasts
 12016 | Lair:1   | Reached * piety under Sif Muna
 12094 | Lair:1   | Reached skill level 5 in Invocations
 12216 | Lair:1   | Noticed Nergalle
 12228 | Lair:1   | Killed Nergalle
 12605 | Lair:1   | Noticed Sonja
 12619 | Lair:1   | Killed Sonja
 12862 | Lair:1   | Reached XP level 12. HP: 42/87 MP: 2/24
 12870 | Lair:1   | Reached ** piety under Sif Muna
 13278 | Lair:1   | Reached skill level 11 in Ice Magic
 14116 | Lair:2   | Reached *** piety under Sif Muna
 14911 | Lair:3   | Reached skill level 10 in Spellcasting
 15176 | Lair:2   | HP: 4/88 [poisoned by a naga (splash of poison)]
 15641 | Lair:3   | Reached XP level 13. HP: 36/93 MP: 12/27
 15647 | Lair:3   | Reached **** piety under Sif Muna
 15651 | Lair:3   | Noticed an eleionoma
 15662 | Lair:3   | Killed an eleionoma
 15778 | Lair:3   | Found a staircase to the Swamp.
 16036 | Lair:3   | Reached skill level 12 in Ice Magic
 16373 | Lair:3   | Found a staircase to the Snake Pit.
 17191 | Lair:4   | Found a dark tunnel.
 17204 | Volcano  | Entered a volcano
 17320 | Volcano  | HP: 3/93 [deep elf archer/arrow (16)]
 17320 | Volcano  | Shot with an arrow by a deep elf archer

Illustrated notes

Levels and vault maps discovered:
D:1:      dpeg_chamrin_arrival_tetris, layout_basic,
          shapermc_ecumenical_altar_pompeii, minmay_circled_x
D:2:      layout_basic, serial_rivers, chequers_serial_rivers_micro_c,
          chequers_serial_rivers_room_b, chequers_serial_rivers_small_a,
          chequers_serial_rivers_room_b, uniq_natasha
D:3:      layout_basic, marbit_many_paths, gammafunk_ghost_grave
D:4:      layout_loops_ring, overflow_temple_1_default,
          mainiacjoe_overflow_tiny_flanked, temple_green, uniq_pikel,
          uniq_duvessa, uniq_sigmund
D:5:      minmay_chambers_of_fours, layout_loops_ring,
          nicolae_dithmenos_shadow_blocks, lemuel_tele_altar, fountainhead,
          uniq_grinder
D:6:      layout_basic, nicolae_elyvilon_peaceful_grove, jmf_multi_god_temple2
D:7:      layout_rooms, mainiacjoe_ossuary_entry_find_the_door, serial_shops,
          shop, grunt_ministairs_8, grunt_decor_resistance,
          chequers_serial_rivers_micro_d
D:8:      layout_basic, gammafunk_temple_overflow_elements
D:9:      layout_basic, general_overflow_altar, okawaru_ov_weapons_minmay,
          uniq_grum, uniq_prince_ribbit1
D:10:     layout_stronghold, mainiacjoe_overflow_brackets, dpeg_lair_monsters,
          einodemon_armed_red_devil_minivault
Temple:   dpeg_three_leaves_temple
Lair:1:   layout_chaotic_city, lemuel_fruit_fields, grunt_megastairs_5,
          infiniplex_staircase_pool_2, uniq_nergalle, uniq_sonja
Lair:2:   layout_layer_cave
Lair:3:   layout_small_grid, alex1729_swamp_entry_worm_eleionoma,
          minmay_snake_entry_guardpost_large, portal_ice_cave_rime,
          hibernation_bobbens
Lair:4:   layout_gridlike, minmay_slime_entry_oklob_enclosed,
          gauntlet_entry_generic, nicolae_volcano_entry_hallway,
          serial_bayou_shore_b, serial_bayou_shore_b
Volcano:  hellmonk_pyromancer_palace

Skill      XL: |  1  2  3  4  5  6  7  8  9 10 11 12 13 |
---------------+----------------------------------------+-----
Ice Magic      | 4 5 6 7 8 9 10 11 12 | 12.2
Dodging        | 2 3 4 5 6 7 |  7.2
Fighting       | 1 2 3 5 6 |  6.1
Stealth        | 2 3 4 |  4.9
Spellcasting   | 3 4 5 7 8 10 11 | 11.0
Summonings     | 2 3 4 5 6 7 8 |  8.4
Short Blades   | 1 2 3 |  3.7
Invocations    | 3 6 8 9 |  9.8
Conjurations   | |  0.8

Action                     |  1- 3 |  4- 6 |  7- 9 | 10-12 | 13-15 || total
---------------------------+-------+-------+-------+-------+-------++-------
  Melee: Dagger            |    41 |    23 |   361 |   157 |    21 ||   603
         Punch             |       |       |     5 |     4 |       ||     9
         Short sword       |       |       |       |    87 |    20 ||   107
   Cast: Freeze            |    41 |    53 |    57 |    99 |    17 ||   267
         Frozen Ramparts   |     1 |     9 |    25 |    53 |     9 ||    97
         Ozocubu's Armour  |       |     2 |    16 |    26 |     3 ||    47
         Summon Ice Beast  |       |     1 |    23 |    27 |     9 ||    60
         Hailstorm         |       |       |     5 |    33 |     6 ||    44
         Summon Cactus Gia |       |       |       |     1 |    10 ||    11
 Invoke: Channel Magic     |       |       |       |       |     2 ||     2
    Use: Scroll            |       |       |       |     7 |     3 ||    10
         Potion            |       |       |       |     1 |     3 ||     4
   Stab: Sleeping          |     4 |     2 |    12 |     7 |     1 ||    26
         Distracted        |       |       |     2 |     1 |     1 ||     4
 Armour: Robe              |    33 |    57 |   219 |       |       ||   309
         Steam dragon scal |       |       |     1 |   259 |    66 ||   326
  Dodge: Dodged            |    46 |    47 |   298 |   260 |    44 ||   695
